PAA
SUN PRAIRIE SWALLOWS @ CASPER GHOSTS
05/08/2025
 
TOP OF THE 1ST
Sun Prairie Swallows batting - Pitching for Casper Ghosts : RHP Brian Scalabrine
Pitching: RHP Brian Scalabrine
Batting: RHB José Silva 0-0: Ball
1-0: Foul Ball, location: 2F
1-1: Ground out 4-3 (Groundball, 4MS)
Batting: RHB Ghislain Vespucci 0-0: Ball
1-0: SINGLE (Groundball, 56D)
Batting: LHB Jorge Borbón 0-0: Ball
1-0: Called Strike
1-1: SINGLE (Line Drive, 89S)
Ghislain Vespucci to second
Runner from 2nd tries for 3rd, SAFE, throw made to third
Batting: LHB Carlos Garza 0-0: Called Strike
0-1: Ball
1-1: Grounds into double play, 4-6-3 (Groundball, 4)
Top of the 1st over - 0 run(s), 2 hit(s), 0 error(s), 1 left on base; Sun Prairie 0 - Casper 0
BOTTOM OF THE 1ST
Casper Ghosts batting - Pitching for Sun Prairie Swallows : RHP Bob Payne
Pitching: RHP Bob Payne
Batting: RHB Henry Appleby 0-0: Called Strike
0-1: Ball
1-1: Foul Ball, location: 2F
1-2: SINGLE (Groundball, 6MD)
Batting: LHB Kyle Mann 0-0: Ball
1-0: Fielders Choice at 2nd, 4-6 (Groundball, 4)
Batting: RHB Ricardo Cardenas 0-0: Called Strike
0-1: Ball
1-1: Swinging Strike
1-2: Strikes out swinging
Batting: RHB Manny Maltby 0-0: Ball
1-0: Fielders Choice at 2nd, 4-6 (Groundball, 4)
Bottom of the 1st over - 0 run(s), 1 hit(s), 0 error(s), 0 left on base; Sun Prairie 0 - Casper 0
TOP OF THE 2ND
Sun Prairie Swallows batting - Pitching for Casper Ghosts : RHP Brian Scalabrine
Batting: RHB Alfonso López 0-0: SINGLE (Line Drive, 8RS)
Batting: RHB Dan Hart 0-0: Ball
1-0: Fly out, F9 (Line Drive, 89S)
Batting: RHB Matías Torrella 0-0: Ball
1-0: Ball
2-0: Swinging Strike
2-1: Swinging Strike
2-2: Foul Ball, location: 2F
2-2: Ball
Alfonso López steals 2nd base
3-2: Foul Ball, location: 2F
3-2: Foul Ball, location: 2F
3-2: Ground out 5-3 (Groundball, 56)
Batting: RHB Darby Carveth 0-0: Fly out, F8 (Line Drive, 8RM)
Top of the 2nd over - 0 run(s), 1 hit(s), 0 error(s), 1 left on base; Sun Prairie 0 - Casper 0
BOTTOM OF THE 2ND
Casper Ghosts batting - Pitching for Sun Prairie Swallows : RHP Bob Payne
Batting: SHB José Juárez 0-0: Ball
1-0: Swinging Strike
1-1: Foul Ball, location: 2F
1-2: Reached on error, E1 (Line Drive, 13)
Batting: RHB Israel Sanders 0-0: Ball
1-0: Ball
2-0: Ball
3-0: Base on Balls
José Juárez to second
Batting: RHB Dave Young 0-0: Called Strike
0-1: Called Strike
0-2: Strikes out swinging
Batting: RHB Juan Carlos Cruz 0-0: Ball
1-0: Ball
Wild Pitch!
José Juárez to third
Israel Sanders to second
2-0: Ball
3-0: Called Strike
3-1: Foul Ball, location: 2F
3-2: Foul Ball, location: 2F
3-2: Strikes out swinging
Batting: RHB Ron Coffman 0-0: Fly out, F7 (Flyball, 78D)
Bottom of the 2nd over - 0 run(s), 0 hit(s), 1 error(s), 2 left on base; Sun Prairie 0 - Casper 0
TOP OF THE 3RD
Sun Prairie Swallows batting - Pitching for Casper Ghosts : RHP Brian Scalabrine
Batting: RHB Jim Unknown 0-0: Ball
1-0: Called Strike
1-1: Foul Ball, location: 2F
1-2: Ball
2-2: Strikes out looking
Batting: RHB José Silva 0-0: Swinging Strike
0-1: Called Strike
0-2: Ball
1-2: Ground out 5-3 (Groundball, 56)
Batting: RHB Ghislain Vespucci 0-0: Called Strike
0-1: Swinging Strike
0-2: Ball
1-2: Ball
2-2: Fly out, F9 (Flyball, 89M)
Top of the 3rd over - 0 run(s), 0 hit(s), 0 error(s), 0 left on base; Sun Prairie 0 - Casper 0
BOTTOM OF THE 3RD
Casper Ghosts batting - Pitching for Sun Prairie Swallows : RHP Bob Payne
Batting: RHB Henry Appleby 0-0: Ball
1-0: Ball
2-0: Foul Ball, location: 2F
2-1: Swinging Strike
2-2: Ball
3-2: Base on Balls
Batting: LHB Kyle Mann 0-0: Ball
1-0: Ball
2-0: Ball
3-0: Called Strike
3-1: Fly out, F8 (Line Drive, 8LS)
Batting: RHB Ricardo Cardenas 0-0: Foul Ball, location: 2F
0-1: Fly out, F9 (Flyball, 89M)
Batting: RHB Manny Maltby 0-0: Called Strike
0-1: Ball
1-1: Foul Ball, location: 2F
1-2: Strikes out swinging
Bottom of the 3rd over - 0 run(s), 0 hit(s), 0 error(s), 1 left on base; Sun Prairie 0 - Casper 0
TOP OF THE 4TH
Sun Prairie Swallows batting - Pitching for Casper Ghosts : RHP Brian Scalabrine
Batting: LHB Jorge Borbón 0-0: Ball
1-0: Called Strike
1-1: Ball
2-1: Ball
3-1: Swinging Strike
3-2: Strikes out swinging
Batting: LHB Carlos Garza 0-0: SINGLE (Line Drive, 8LM)
Batting: RHB Alfonso López 0-0: Ball
1-0: Foul Ball, location: 2F
1-1: Grounds into double play, 5-4-3 (Groundball, 5L)
Top of the 4th over - 0 run(s), 1 hit(s), 0 error(s), 0 left on base; Sun Prairie 0 - Casper 0
BOTTOM OF THE 4TH
Casper Ghosts batting - Pitching for Sun Prairie Swallows : RHP Bob Payne
Batting: SHB José Juárez 0-0: Ground out 4-3 (Groundball, 34)
Batting: RHB Israel Sanders 0-0: Ball
1-0: Ball
2-0: Swinging Strike
2-1: SINGLE (Flyball, 4D)
Batting: RHB Dave Young 0-0: Called Strike
0-1: Ball
1-1: Swinging Strike
1-2: Strikes out swinging
Batting: RHB Juan Carlos Cruz 0-0: Ball
1-0: Foul Ball, location: 2F
1-1: Foul Ball, location: 2F
1-2: Ball
2-2: DOUBLE (Line Drive, 7LM)
Israel Sanders to third
Runner from 3rd tries for Home, throw and OUT!
Bottom of the 4th over - 0 run(s), 2 hit(s), 0 error(s), 1 left on base; Sun Prairie 0 - Casper 0
TOP OF THE 5TH
Sun Prairie Swallows batting - Pitching for Casper Ghosts : RHP Brian Scalabrine
Batting: RHB Dan Hart 0-0: Foul Ball, location: 2F
0-1: Foul Ball, location: 2F
0-2: Ball
1-2: Ball
2-2: Ball
3-2: Foul Ball, location: 2F
3-2: Foul Ball, location: 2F
3-2: Ground out 4-3 (Groundball, 4)
Batting: RHB Matías Torrella 0-0: Foul Ball, location: 2F
0-1: Ball
1-1: Swinging Strike
1-2: Fly out, F9 (Line Drive, 9)
Batting: RHB Darby Carveth 0-0: DOUBLE (Line Drive, 7LS)
Batting: RHB Jim Unknown 0-0: Called Strike
0-1: Ground out 4-3 (Groundball, 4)
Top of the 5th over - 0 run(s), 1 hit(s), 0 error(s), 1 left on base; Sun Prairie 0 - Casper 0
BOTTOM OF THE 5TH
Casper Ghosts batting - Pitching for Sun Prairie Swallows : RHP Bob Payne
Batting: RHB Ron Coffman 0-0: Ball
1-0: Ball
2-0: Called Strike
2-1: Ball
3-1: Called Strike
3-2: Base on Balls
Batting: RHB Henry Appleby 0-0: Bunted foul
0-1: Bunt missed!
0-2: Ball
1-2: Ball
2-2: Ball
3-2: Fly out, F5 (Popup, 5S)
Pitching: LHP Yvan Benincasa
Batting: LHB Kyle Mann 0-0: Called Strike
0-1: Foul Ball, location: 2F
0-2: Ball
1-2: Ball
2-2: Foul Ball, location: 2F
2-2: Strikes out swinging
Batting: RHB Ricardo Cardenas 0-0: Ball
1-0: Ball
2-0: Called Strike
2-1: Swinging Strike
2-2: Strikes out swinging
Bottom of the 5th over - 0 run(s), 0 hit(s), 0 error(s), 1 left on base; Sun Prairie 0 - Casper 0
TOP OF THE 6TH
Sun Prairie Swallows batting - Pitching for Casper Ghosts : RHP Brian Scalabrine
Batting: RHB José Silva 0-0: Ball
1-0: Fly out, F8 (Flyball, 89M)
Batting: RHB Ghislain Vespucci 0-0: Called Strike
0-1: Foul Ball, location: 2F
0-2: Strikes out swinging
Batting: LHB Jorge Borbón 0-0: Called Strike
0-1: Fly out, F8 (Flyball, 8RM)
Top of the 6th over - 0 run(s), 0 hit(s), 0 error(s), 0 left on base; Sun Prairie 0 - Casper 0
BOTTOM OF THE 6TH
Casper Ghosts batting - Pitching for Sun Prairie Swallows : LHP Yvan Benincasa
Batting: RHB Manny Maltby 0-0: SINGLE (Groundball, 56S) (infield hit)
Batting: SHB José Juárez 0-0: Swinging Strike
0-1: Called Strike
0-2: Ball
1-2: Foul Ball, location: 2F
1-2: Foul Ball, location: 2F
1-2: Fly out, F7 (Flyball, 7)
Batting: RHB Israel Sanders 0-0: Called Strike
0-1: Ball
1-1: Ball
2-1: SINGLE (Groundball, 56D)
Manny Maltby to second
Batting: RHB Dave Young 0-0: Ball
Manny Maltby steals 3rd base
Israel Sanders to second
1-0: Ball
2-0: Ground out 4-3 (Groundball, 4M)
Manny Maltby scores
Israel Sanders to third
Batting: RHB Juan Carlos Cruz 0-0: Ball
1-0: Ground out 6-3 (Groundball, 56)
Bottom of the 6th over - 1 run(s), 2 hit(s), 0 error(s), 1 left on base; Sun Prairie 0 - Casper 1
TOP OF THE 7TH
Sun Prairie Swallows batting - Pitching for Casper Ghosts : RHP Brian Scalabrine
Batting: LHB Carlos Garza 0-0: Swinging Strike
0-1: Ball
1-1: Called Strike
1-2: Foul Ball, location: 2F
1-2: Strikes out swinging
Batting: RHB Alfonso López 0-0: Ball
1-0: Ground out 1-3 (Groundball, P)
Batting: RHB Dan Hart 0-0: Fly out, F6 (Popup, 6D)
Top of the 7th over - 0 run(s), 0 hit(s), 0 error(s), 0 left on base; Sun Prairie 0 - Casper 1
BOTTOM OF THE 7TH
Casper Ghosts batting - Pitching for Sun Prairie Swallows : LHP Yvan Benincasa
Batting: RHB Ron Coffman 0-0: Foul Ball, location: 2F
0-1: Foul Ball, location: 2F
0-2: Ball
1-2: Foul Ball, location: 2F
1-2: Ball
2-2: Ball
3-2: Foul Ball, location: 2F
3-2: Foul Ball, location: 2F
3-2: Fly out, F7 (Flyball, 78S)
Batting: RHB Henry Appleby 0-0: Foul Ball, location: 2F
0-1: Ball
1-1: Foul Ball, location: 2F
1-2: Foul Ball, location: 2F
1-2: Ball
2-2: Ground out 3-1 (Groundball, 34)
Batting: LHB Kyle Mann 0-0: Ground out 1-3 (Groundball, 13S)
Bottom of the 7th over - 0 run(s), 0 hit(s), 0 error(s), 0 left on base; Sun Prairie 0 - Casper 1
TOP OF THE 8TH
Sun Prairie Swallows batting - Pitching for Casper Ghosts : RHP Brian Scalabrine
Batting: RHB Matías Torrella 0-0: Foul Ball, location: 2F
0-1: Ball
1-1: Swinging Strike
1-2: Strikes out swinging
Batting: RHB Darby Carveth 0-0: Ball
1-0: Swinging Strike
1-1: Ball
2-1: Ground out 6-3 (Groundball, 56)
Batting: RHB Jim Unknown 0-0: Called Strike
0-1: Called Strike
0-2: Ball
1-2: Ball
2-2: Foul Ball, location: 2F
2-2: Strikes out swinging
Top of the 8th over - 0 run(s), 0 hit(s), 0 error(s), 0 left on base; Sun Prairie 0 - Casper 1
BOTTOM OF THE 8TH
Casper Ghosts batting - Pitching for Sun Prairie Swallows : LHP Yvan Benincasa
Batting: RHB Ricardo Cardenas 0-0: Fly out, F8 (Flyball, 78M)
Batting: RHB Manny Maltby 0-0: Ground out 4-3 (Groundball, 4)
Batting: SHB José Juárez 0-0: Ball
1-0: Ball
2-0: SOLO HOME RUN (Flyball, 78XD), Distance : 432 ft
Batting: RHB Israel Sanders 0-0: Ball
1-0: Swinging Strike
1-1: Ball
2-1: Swinging Strike
2-2: Foul Ball, location: 2F
2-2: Strikes out looking
Bottom of the 8th over - 1 run(s), 1 hit(s), 0 error(s), 0 left on base; Sun Prairie 0 - Casper 2
TOP OF THE 9TH
Sun Prairie Swallows batting - Pitching for Casper Ghosts : RHP Brian Scalabrine
Batting: RHB José Silva 0-0: Foul Ball, location: 2F
0-1: Ball
1-1: Swinging Strike
1-2: Ball
2-2: Fly out, F4 (Line Drive, 4MD)
Batting: RHB Ghislain Vespucci 0-0: Ground out U3 (Groundball, 3L)
Batting: LHB Jorge Borbón 0-0: Ground out 4-3 (Groundball, 4)
Top of the 9th over - 0 run(s), 0 hit(s), 0 error(s), 0 left on base; Sun Prairie 0 - Casper 2
Friday, December 30th, 2016 - OOTP Baseball 17.12 Build 75